 Dungeon Crawl Stone Soup version 0.30-a0-364-gf6b3ef1049 (webtiles) character file.

Game seed: 11315858566658713959

207 ytrimaz the Chopper (level 6, 0/47 HPs)
             Began as a Formicid Fighter on Nov 15, 2022.
             Slain by Duvessa
             ... wielding a +3 short sword of freezing
              (3 damage)
             ... on level 4 of the Dungeon.
             The game lasted 00:02:36 (2235 turns).

ytrimaz the Chopper (Formicid Fighter)              Turns: 2235, Time: 00:02:37

Health: 0/47       AC:  6    Str: 22    XL:     6   Next: 10%
Magic:  6/6        EV:  9    Int:  8    God:
Gold:   73         SH:  5    Dex: 13    Spells: 5/5 levels left

rFire   . . .      SeeInvis +    a - +1 war axe
rCold   . . .      Faith    .    c - +0 buckler
rNeg    . . .      Spirit   .    b - +0 scale mail
rPois   .          Reflect  .    (helmet unavailable)
rElec   .          Harm     .    (no cloak)
rCorr   .          Rampage  .    (no gloves)
Will    .....                    (no boots)
Stlth   ..........               (no amulet)
HPRegen 0.27/turn                (no ring)
MPRegen 0.10/turn                (no ring)

@: mighty, lit by a corona, glowing, unable to drink
A: permanent stasis, dig shafts and tunnels, antennae 3, four strong arms,
inability to drink after injury 1
a: Dig, Shaft Self


You were on level 4 of the Dungeon.
You visited 1 branch of the dungeon, and saw 4 of its levels.

You collected 73 gold pieces.


Innate Abilities, Weirdness & Mutations

You cannot be hasted, slowed, berserked, paralysed or teleported.
You can dig through walls and to a lower floor.
You have a pair of large antennae on your head. (SInv)
Your four strong arms can wield two-handed weapons with a shield.
You occasionally lose the ability to drink potions when taking damage.


   Skills:
 - Level 3.2 Fighting
 + Level 5.9 Axes
 - Level 3.2 Armour
 - Level 4.0 Shields


You had 5 spell levels left.
You didn't know any spells.
Your spell library contained the following spells:

 Spells                   Type           Power      Damage    Failure   Level
 Hailstorm                Conj/Ice       0%         3d3       99%         3
 Summon Guardian Golem    Hex/Summ       0%         N/A       99%         3
 Ice Form                 Ice/Tmut       0%         N/A       100%        4
 Freezing Cloud           Conj/Ice/Air   0%         6-21      100%        5
 Simulacrum               Ice/Necr       0%         N/A       100%        6
 Orb of Destruction       Conj           0%         9d5       100%        7
 Spellforged Servitor     Conj/Summ      0%         N/A       100%        7
 Polar Vortex             Ice            0%         N/A       100%        9

Inventory:

Hand Weapons
 a - a +1 war axe (weapon)
Armour
 b - a +0 scale mail (worn)
 c - a +0 buckler (worn)
Scrolls
 f - a scroll of identify
 i - a scroll of enchant weapon
 j - a scroll of immolation
Potions
 e - 2 potions of heal wounds
 g - a potion of curing
 h - a potion of brilliance
 k - a potion of attraction {unknown}
 l - a potion of haste {unknown}

Dungeon Overview and Level Annotations

Branches:
Dungeon (4/15) Zot: 21707
 Temple: D:4-7

Altars:
Elyvilon

Annotations:
D:4 Duvessa

######.#...#
#......$...# {
#........(.# ##
#.........># ...
#..........# .(..
#..........#...!.
..######........w)......
................@..>....
..######.......).e#.$...
##.....##### .## #.....#
#)....# #.....# #..<..#
#.....# #.....#


You could see Duvessa (berserk, resistant) and a worm.


Message History

Key pressed, stopping explore.
Key pressed, stopping explore.
You see here a +0 scimitar.
Found an escape hatch in the ceiling. 😎 HP[+1]
Your hp is fully restored (41).
Done exploring.
Done exploring.
Done exploring.
Done exploring.
As you read the scroll labelled AWUREKH SUNOUWN, it crumbles to dust.
The air around you briefly surges with heat, but it dissipates.
It was a scroll of immolation.
Unknown command.
There is a stone staircase leading down here.
You climb downwards.
There is a stone staircase leading up here.
Found an escape hatch in the floor.
Found a stone staircase leading down.
Dowan, Brother of Duvessa comes into view.
He is wielding a +0 dagger.
Dowan shouts!
Dowan casts a spell at you. The puff of flame hits you.
A scorpion comes into view. 😕 HP[-3]
You take 3 damage, and now have 38/41 hp.
Duvessa, Sister of Dowan comes into view.
She is wielding a +3 short sword of freezing.
Duvessa shouts!
Duvessa drinks a potion.
Duvessa suddenly seems more resistant.
You feel very mighty all of a sudden.
A quokka comes into view.
It was a potion of curing.
You feel better.
Duvessa says, "Where magic fails, the sword succeeds!" 😎 HP[+3]
Your hp is fully restored (41).
A worm comes into view.
The scorpion stings you.
The worm moves out of view. 😕 HP[-3]
You take 3 damage, and now have 38/41 hp.
You barely miss the scorpion. The scorpion barely misses you.
Unknown command.
You barely miss the scorpion.
The scorpion stings you but does no damage.
Duvessa hits you with a +3 short sword of freezing.
Duvessa freezes you.
The scorpion stings you but does no damage.
Dowan says, "My weaknesses are her strengths!"
Dowan gestures at you while chanting.
You are outlined in light. 😕 HP[-5]
You take 5 damage, and now have 33/41 hp.
You slash the scorpion! You hit Duvessa. You hit Dowan.
The scorpion stings you.
Duvessa says, "When magic and the sword combine, nothing stands against them."
Duvessa hits you with a +3 short sword of freezing.
Duvessa freezes you.
Dowan hits you with a +0 dagger. 😮 HP[-10]
You take 10 damage, and now have 23/41 hp.
MASSIVE DAMAGE!! (PAUSE)
You slash Duvessa! You closely miss Dowan. You barely miss the scorpion.
The scorpion stings you but does no damage.
You block Duvessa's attack. You block Dowan's attack.
The scorpion stings you but does no damage.
You slash Duvessa! You slice Dowan!! You closely miss the scorpion.
You block Duvessa's attack. Dowan hits you but does no damage.
The scorpion stings you. Duvessa completely misses you.
Dowan casts a spell at you. The puff of frost hits you.
* * * LOW HITPOINT WARNING * * *
Unknown command. 😨 HP[-4]
You take 4 damage, and now have 19/41 hp.
You closely miss Duvessa. You slash the scorpion!
You kill the scorpion!
You slash Dowan!
You kill Dowan!
Duvessa screams, "No!
How DARE you!"
Duvessa goes berserk!
Duvessa hits you with a +3 short sword of freezing.
* * * LOW HITPOINT WARNING * * *
Duvessa freezes you.
* * * LOW HITPOINT WARNING * * *
You block the quokka's attack.
Duvessa hits you with a +3 short sword of freezing!
You feel threatened and lose the ability to drink potions!
* * * LOW HITPOINT WARNING * * *
Duvessa freezes you.
* * * LOW HITPOINT WARNING * * *
Your Axes skill increases to level 5!
You have reached level 6! 😱 HP[-17] MP[+1]
You now have 47 max hp (+6).
You take 17 damage, and now have 2/47 hp.
MASSIVE DAMAGE!! (PAUSE)
Your mp is fully restored (6).
You slash Duvessa! You hit the worm. You slash the quokka!
You kill the quokka!
Duvessa hits you with a +3 short sword of freezing.
You die...

Skill      XL: |  1  2  3  4  5 |
---------------+----------------+-----
Axes           | 3 4 5 |  5.9
Fighting       | |  3.2
Armour         | |  3.2
Shields        | |  4.0

Action                   |  1- 3 |  4- 6 || total
-------------------------+-------+-------++-------
Melee: War axe           |    91 |    82 ||   173
  Use: Scroll            |     3 |     5 ||     8
       Potion            |     1 |     3 ||     4
Armor: Scale mail        |    44 |    28 ||    72
Dodge: Dodged            |    57 |    24 ||    81
Block: Buckler           |    14 |    22 ||    36

Levels and vault maps discovered:
D:1:      dpeg_arrival_leaves_temple_mockup, layout_basic
D:2:      layout_rooms, ebering_ecumenical_altar_webs, basic_altar,
          minmay_rat_gold_closets
D:3:      layout_rooms
D:4:      layout_basic, minitemple, minmay_temple_entry_slanted, uniq_duvessa

Notes
Turn   | Place    | Note
-------+----------+-------------------------------------------
     0 | D:1      | ytrimaz the Formicid Fighter began the quest for the Orb.
     0 | D:1      | Reached XP level 1. HP: 18/18 MP: 1/1
     0 | D:1      | magus.rc [v1.9.6]
   142 | D:1      | You pick up a book of the Tundra and begin reading...
   142 | D:1      | You add the spells Hailstorm, Ice Form and Simulacrum to
                  | your library.
   177 | D:1      | Reached XP level 2. HP: 24/24 MP: 2/2
   277 | D:1      | Reached skill level 3 in Axes
   288 | D:1      | HP: 9/36 [poisoned by a kobold]
   432 | D:1      | You pick up a book of Ice and begin reading...
   432 | D:1      | You add the spells Freezing Cloud and Polar Vortex to your
                  | library.
   717 | D:1      | Reached XP level 3. HP: 29/29 MP: 3/3
  1066 | D:2      | You fall into a shaft and drop 2 floors!
  1207 | D:2      | Reached skill level 4 in Axes
  1207 | D:2      | Reached XP level 4. HP: 33/35 MP: 4/4
  1285 | D:2      | Found a white marble altar of Elyvilon.
  1389 | D:2      | Gained mutation: You occasionally lose the ability to drink
                  | potions when taking damage. [potion of mutation]
  1432 | D:2      | Found a faded altar of an unknown god.
  1499 | D:2      | You pick up a book of Dangerous Friends and begin
                  | reading...
  1499 | D:2      | You add the spells Summon Guardian Golem, Orb of
                  | Destruction and Spellforged Servitor to your library.
  1851 | D:3      | Reached XP level 5. HP: 36/41 MP: 5/5
  2224 | D:4      | Noticed Dowan
  2225 | D:4      | Noticed Duvessa
  2234 | D:4      | Killed Dowan
  2234 | D:4      | HP: 3/41 [Duvessa/+3 short sword of freezing (10)]
  2235 | D:4      | Reached skill level 5 in Axes
  2235 | D:4      | Reached XP level 6. HP: 2/47 MP: 6/6
  2235 | D:4      | Slain by Duvessa

Vanquished Creatures
  A scorpion (D:4)
  Dowan (D:4)
  4 adders
  4 worms
  A dart slug (D:1)
  5 ball pythons
  3 endoplasms
  2 giant cockroaches
  8 goblins
  3 hobgoblins
  2 jackals (D:2)
  3 quokkas
  2 bats (D:1)
  5 frilled lizards
  4 kobolds (D:1)
  12 rats
60 creatures vanquished.

Table legend:
 A = Non-vault XP
 B = Vault XP
 C = Vault XP percentage of total XP
 D = Non-vault monster count
 E = Vault monster count
 F = Vault count percentage of total count
                 A         B        C        D         E       F
            +---------+---------+-------+---------+---------+-------
      Total |     224 |      74 |  24.8 |      51 |       9 |  15.0
            +---------+---------+-------+---------+---------+-------
        D:1 |      34 |       0 |   0.0 |      20 |       0 |   0.0
        D:2 |      70 |       8 |  10.3 |      16 |       8 |  33.3
        D:3 |      35 |       0 |   0.0 |      11 |       0 |   0.0
        D:4 |      85 |      66 |  43.7 |       4 |       1 |  20.0
            +---------+---------+-------+---------+---------+-------

Illustrated notes

Table legend:
 A = Kills in this place as a percentage of kills in entire the game.
 B = Kills by you in this place as a percentage of kills by you in the entire game.
 C = Kills by friends in this place as a percentage of kills by friends in the entire game.
 D = Other kills in this place as a percentage of other kills in the entire game.
 E = Experience gained in this place as a percentage of experience gained in the entire game.
 F = Experience gained in this place divided by the number of levels of this place that you have seen.
                   A       B       C       D       E      F
               +-------+-------+-------+-------+-------+----------------------
         Total | 100.0 | 100.0 |   N/A |   N/A | 100.0 |  74.5
       Dungeon | 100.0 | 100.0 |   N/A |   N/A | 100.0 |  74.5
               +-------+-------+-------+-------+-------+----------------------

Table legend: (Time is in decaauts)
 A = Elapsed time spent in this place.
 B = Non-inter-level travel time spent in this place.
 C = Inter-level travel time spent in this place.
 D = Time resting spent in this place.
 E = Time spent auto-exploring this place.
 F = Levels seen in this place.
 G = Mean time per level.
                   A        B        C        D        E       F      G
               +--------+--------+--------+--------+--------+-----+--------+
         Total |   2291 |   2207 |     84 |    100 |   1603 |   4 |  572.8 |
       Dungeon |   2291 |   2207 |     84 |    100 |   1603 |   4 |  572.8 |
               +--------+--------+--------+--------+--------+-----+--------+

Top non-repeatable levels by time:
     D:1: 978 daAuts
     D:2: 641 daAuts
     D:3: 635 daAuts
     D:4: 36 daAuts
